 Dungeon Sprint DCSS version 0.17-a0-81-g781747f (webtiles) character file.

13336 BluebellGnoll the Wrestler (level 11, -18/94 HPs)
             Began as a Troll Berserker on Mar 15, 2015.
             Was the Champion of Trog.
             Demolished by Sonja
             ... wielding a +0 short sword of distortion
              (19 damage)
             ... in the Dungeon (Sprint IX: "|||||||||||||||||||||||||||||").
             The game lasted 00:17:08 (1137 turns).

BluebellGnoll the Wrestler (Troll Berserker)        Turns: 1137, Time: 00:17:09

Health: -18/94     AC:  6    Str: 30    XL:     11   Next: 74%
Magic:  4/4        EV: 17    Int:  3    God:    Trog [******]
Gold:   179        SH:  0    Dex:  9    Spells: 0 memorised, 10 levels left

rFire  . . .     SeeInvis .       - Unarmed
rCold  . . .     Clarity  .     b - +0 animal skin
rNeg   . . .     SustAb   .     (shield restricted)
rPois  .         Gourm    +     (helmet restricted)
rElec  .         Spirit   .     y - +0 cloak
rCorr  .         Warding  .     (gloves unavailable)
rMut   .         NoTele   +     (boots unavailable)
MR     ++...                    (no amulet)
Stlth  +.........               m - +2 ring of evasion
                                l - +2 ring of evasion

@: lethally poisoned (-18 -> -24), short of breath, regenerating, slowed, very
slow, very resistant to hostile enchantments, very unstealthy
A: unfitting armour, claws 3, fast metabolism 3, gourmand, regeneration 2,
shaggy fur 1, tough skin 2
a: Burn Spellbooks, Berserk, Trog's Hand, Brothers in Arms, Renounce Religion


You were in the Dungeon.
You worshipped Trog.
Trog was exalted by your worship.
You were very full.

You visited 1 branch You collected 1914 gold pieces.
You spent 1735 gold pieces at shops.

Inventory:

Hand weapons
 k - the +4 quarterstaff of Psoukhly {antimagic, +Rage rF+}
   (You found it in the Dungeon)

   It disrupts the flow of magical energy around spellcasters and certain
   magical creatures (including the wielder).
   It protects you from fire.
   It lets you go berserk.
 E - the +10 greatsling of the Nine Dances {speed, rElec}
   (Trog gifted it to you in the Dungeon)

   Attacks with this weapon are significantly faster.
   It insulates you from electricity.
Missiles
 o - 13 silver javelins (quivered)
 u - 4 tomahawks of returning
 v - 23 tomahawks
Armour
 b - a +0 animal skin (worn)
 y - a +0 cloak (worn)
Jewellery
 l - a +2 ring of evasion (left claw)
 m - a +2 ring of evasion (right claw)
Magical devices
 j - a wand of fire (7)
Scrolls
 h - 4 scrolls of blinking
 i - 5 scrolls of remove curse
 r - 2 scrolls of fog
 s - 2 scrolls of recharging
Potions
 c - 7 potions of curing
 e - a potion of invisibility
 f - 4 potions of magic
 g - 3 potions of berserk rage
 n - 2 potions of haste
 q - 2 potions of agility
Comestibles
 a - 14 meat rations
 w - 40 fruits
 x - 12 bread rations


   Skills:
 - Level 2.4 Fighting
 - Level 7.7 Throwing
 - Level 1.5 Armour
 - Level 9.6 Dodging
 + Level 23.5 Unarmed Combat


You had 10 spell levels left.
You didn't know any spells.

Dungeon Overview and Level Annotations

Branches:
Dungeon (1/1)

Altars:
Cheibriados
Dithmenos
Elyvilon
Fedhas
Gozag
Kikubaaqudgha
Makhleb
Nemelex Xobeh
Okawaru
Qazlal
Ru
Sif Muna
Trog
Vehumet
Xom
Yredelemnul
Zin
The Shining One
Beogh
Jiyva
Lugonu

Shops:
D (*:(

Annotations:
D Sonja


Innate Abilities, Weirdness & Mutations

You are too large for most types of armour.
You have claws for hands.
Your metabolism is lightning-fast.
You like to eat raw meat.
You heal very quickly.
You are covered in fur (AC +1).
You have very tough skin (AC +2).


Message History

* * * LOW HITPOINT WARNING * * *
Sonja closely misses you.
You hear a shout!
Sonja bows elegantly.
Sonja hits you with an uncursed short sword of distortion!
* * * LOW HITPOINT WARNING * * *
Space bends around you.
* * * LOW HITPOINT WARNING * * *
Sonja barely misses you.
Sonja hits you with an uncursed short sword of distortion.
* * * LOW HITPOINT WARNING * * *
You feel a strange sense of stasis.
You miss Sonja.
* * * LOW HITPOINT WARNING * * *
You feel very sick. Sonja misses you. Sonja closely misses you.
Sonja hits you with an uncursed short sword of distortion.
* * * LOW HITPOINT WARNING * * *
Space warps horribly around you!
You die...

..........................▓
▓▓▓▓▓▓▓▓▓▓▓▓▓▓▓▓▓▓▓▓▓▓▓▓▓▓▓
..).....?(..'..[[[[..'....▓
▓▓▓▓▓▓▓▓▓▓▓▓▓▓▓▓▓▓▓▓▓▓▓▓▓.▓
....................).....▓
▓▓▓▓▓▓▓▓▓▓▓▓▓▓▓▓▓▓▓▓▓▓▓▓▓▓▓
))).∩)∩.∩)∩.....'.........▓
▓▓▓▓▓▓▓▓▓▓▓▓▓▓▓▓▓▓▓▓▓▓▓▓▓.▓
,,,,,,,,..((.).K@.((.....:▓
********▓▓▓▓▓▓▓▓▓▓▓▓▓▓▓▓▓▓▓
+,,,,,,,,,,,,,,,+,,,,,,,,,*
*************************,*
,,,,,,,,,,,,,,,,,,,,,,,,,,*
***************************
,,,+,,,,,,,,,+,,,,,,,,,,,,*
*************************,*
,,,,,,,,,,,,,,,,,,,,,,,,,,*


You could see Sonja.

Vanquished Creatures
  Josephine (D)
  Urug (D)
  4 orc high priests (D)
  4 orc knights (D)
  2 orc sorcerers (D)
  5 elephants (D)
  Maurice (D)
  A spiny frog (D)
  A torpor snail (D)
  2 hellwings (D)
  A komodo dragon (D)
  3 wraiths (D)
  A blink frog (D)
  2 yaks (D)
  A hippogriff (D)
  3 porcupines (D)
  9 orc warriors (D)
  An ice beast (D)
  6 crocodiles (D)
  2 hounds (D)
  5 orc priests (D)
  A jelly (D)
  An orc wizard (D)
  An iguana (D)
  A worker ant (D)
  An adder (D)
  An orc zombie (D)
  13 orcs (D)
  A bat (D)
  A giant cockroach (D)
  A goblin (D)
  A hobgoblin (D)
  2 quokkas (D)
  3 kobolds (D)
  2 rats (D)
86 creatures vanquished.

Vanquished Creatures (collateral kills)
  A griffon (D)
  A cyclops (D)
  3 elephants (D)
  A gargoyle (D)
  A hippogriff (D)
  A porcupine (D)
  A killer bee (D)
9 creatures vanquished.

Vanquished Creatures (others)
  An ogre (D)
1 creature vanquished.

Grand Total: 96 creatures vanquished

Notes
Turn   | Place    | Note
--------------------------------------------------------------
     0 | D        | BluebellGnoll, the Troll Berserker, began the quest for the Orb.
     0 | D        | Reached XP level 1. HP: 22/22 MP: 1/1
    11 | D        | Reached skill level 4 in Unarmed Combat
    13 | D        | Acquired Trog's second power
    38 | D        | Noticed an iguana
    38 | D        | Noticed a jelly
    40 | D        | Killed an iguana
    40 | D        | Reached skill level 6 in Unarmed Combat
    40 | D        | Reached XP level 2. HP: 29/29 MP: 1/1
    40 | D        | Reached XP level 3. HP: 36/36 MP: 2/2
    44 | D        | Killed a jelly
    44 | D        | Reached skill level 8 in Unarmed Combat
    63 | D        | Found a glowing silver altar of Zin.
    63 | D        | Found a glowing golden altar of the Shining One.
    63 | D        | Found an ancient bone altar of Kikubaaqudgha.
    63 | D        | Found a basalt altar of Yredelemnul.
    63 | D        | Found a shimmering altar of Xom.
    63 | D        | Found a radiant altar of Vehumet.
    63 | D        | Found an iron altar of Okawaru.
    64 | D        | Found a burning altar of Makhleb.
    65 | D        | Found a deep blue altar of Sif Muna.
    66 | D        | Found a bloodstained altar of Trog.
    67 | D        | Found a sparkling altar of Nemelex Xobeh.
    68 | D        | Found a white marble altar of Elyvilon.
    69 | D        | Found a roughly hewn altar of Beogh.
    70 | D        | Found a viscous altar of Jiyva.
    71 | D        | Found a corrupted altar of Lugonu.
    72 | D        | Found a blossoming altar of Fedhas.
    73 | D        | Found a snail-covered altar of Cheibriados.
    74 | D        | Found a shadowy altar of Dithmenos.
    75 | D        | Found a stormy altar of Qazlal.
    76 | D        | Found an opulent altar of Gozag.
    77 | D        | Found a sacrificial altar of Ru.
    95 | D        | Got the +4 quarterstaff of Psoukhly {antimagic, +Rage rF+}
   105 | D        | Noticed a yak
   105 | D        | Noticed a crocodile
   105 | D        | Noticed an ice beast
   107 | D        | Acquired Trog's third power
   107 | D        | Received a gift from Trog
   115 | D        | Killed a yak
   115 | D        | Reached skill level 11 in Unarmed Combat
   115 | D        | Reached XP level 4. HP: 19/44 MP: 2/2
   115 | D        | Reached XP level 5. HP: 21/50 MP: 2/2
   118 | D        | Killed a crocodile
   118 | D        | Reached skill level 12 in Unarmed Combat
   120 | D        | Reached XP level 6. HP: 11/59 MP: 3/3
   124 | D        | Killed an ice beast
   124 | D        | Reached skill level 13 in Unarmed Combat
   202 | D        | Noticed a griffon
   202 | D        | Noticed a cyclops
   202 | D        | Noticed a killer bee
   202 | D        | Noticed a gargoyle
   202 | D        | Noticed a worker ant
   202 | D        | Noticed a crocodile
   204 | D        | Killed a griffon
   204 | D        | Reached skill level 15 in Unarmed Combat
   204 | D        | Reached XP level 7. HP: 50/66 MP: 3/3
   207 | D        | Killed a cyclops
   207 | D        | Reached skill level 16 in Unarmed Combat
   208 | D        | Killed a killer bee
   211 | D        | Killed a gargoyle
   211 | D        | Reached XP level 8. HP: 68/74 MP: 3/3
   214 | D        | Killed a worker ant
   216 | D        | Killed a crocodile
   349 | D        | Noticed a hound
   349 | D        | Noticed a crocodile
   349 | D        | Noticed a blink frog
   349 | D        | Noticed a hound
   349 | D        | Noticed a porcupine
   349 | D        | Noticed a crocodile
   349 | D        | Noticed a hippogriff
   356 | D        | Killed a hound
   356 | D        | Reached skill level 17 in Unarmed Combat
   357 | D        | Killed a crocodile
   360 | D        | Killed a hound
   368 | D        | Noticed a yak
   368 | D        | Killed a blink frog
   370 | D        | Killed a porcupine
   370 | D        | Received a gift from Trog
   372 | D        | Killed a crocodile
   372 | D        | Reached skill level 18 in Unarmed Combat
   373 | D        | Killed a hippogriff
   373 | D        | Received a gift from Trog
   378 | D        | Killed a yak
   400 | D        | Got a transparent shortbow {god gift}
   405 | D        | Identified the +3 shortbow of Springtime {venom, Int+3} (Trog gifted it to you in the Dungeon)
   422 | D        | Noticed a porcupine
   422 | D        | Noticed a spiny frog
   422 | D        | Noticed a torpor snail
   422 | D        | Noticed a crocodile
   422 | D        | Noticed a porcupine
   422 | D        | Noticed a hippogriff
   422 | D        | Noticed a crocodile
   423 | D        | Killed a porcupine
   423 | D        | Reached XP level 9. HP: 80/80 MP: 4/4
   424 | D        | Killed a spiny frog
   424 | D        | Reached skill level 19 in Unarmed Combat
   425 | D        | Noticed a komodo dragon
   432 | D        | Noticed a porcupine
   432 | D        | Killed a torpor snail
   435 | D        | Killed a crocodile
   436 | D        | Killed a porcupine
   439 | D        | Killed a hippogriff
   439 | D        | Reached skill level 20 in Unarmed Combat
   443 | D        | Killed a crocodile
   448 | D        | Killed a komodo dragon
   451 | D        | Killed a porcupine
   454 | D        | Received a gift from Trog
   524 | D        | Noticed an elephant
   524 | D        | Noticed an elephant
   524 | D        | Noticed an elephant
   524 | D        | Noticed an elephant
   524 | D        | Noticed an elephant
   524 | D        | Noticed an elephant
   524 | D        | Noticed an elephant
   527 | D        | Killed an elephant
   530 | D        | Killed an elephant
   530 | D        | Reached skill level 5 in Dodging
   531 | D        | Killed an elephant
   531 | D        | Reached XP level 10. HP: 67/88 MP: 4/4
   532 | D        | Killed an elephant
   537 | D        | Killed an elephant
   543 | D        | Killed an elephant
   544 | D        | Noticed an elephant
   544 | D        | Killed an elephant
   551 | D        | Killed an elephant
   560 | D        | Received a gift from Trog
   595 | D        | Noticed Maurice
   603 | D        | Killed Maurice
   656 | D        | Noticed a wraith
   659 | D        | Noticed a wraith
   663 | D        | Killed a wraith
   669 | D        | Killed a wraith
   672 | D        | Noticed Josephine
   673 | D        | Noticed a wraith
   678 | D        | Killed Josephine
   680 | D        | Killed a wraith
   715 | D        | Noticed an orc priest
   715 | D        | Noticed an orc priest
   715 | D        | Noticed an orc warrior
   715 | D        | Noticed an orc priest
   718 | D        | Killed an orc priest
   721 | D        | Killed an orc priest
   721 | D        | Received a gift from Trog
   722 | D        | Killed an orc warrior
   725 | D        | Noticed an orc wizard
   727 | D        | Noticed an orc warrior
   727 | D        | Killed an orc priest
   736 | D        | Killed an orc warrior
   738 | D        | Killed an orc wizard
   738 | D        | Received a gift from Trog
   744 | D        | Received a gift from Trog
   770 | D        | Received a gift from Trog
   793 | D        | Got a transparent giant club {god gift}
   794 | D        | Identified the +7 giant club of the Pyrrhic Victory {drain, Dex+4} (Trog gifted it to you in the Dungeon)
   806 | D        | Noticed an orc warrior
   806 | D        | Noticed an orc knight
   806 | D        | Noticed an orc warrior
   806 | D        | Noticed an orc warrior
   806 | D        | Noticed an orc warrior
   806 | D        | Noticed an orc warrior
   806 | D        | Noticed an orc priest
   808 | D        | Killed an orc warrior
   812 | D        | Noticed an orc priest
   815 | D        | Noticed an orc warrior
   815 | D        | Killed an orc knight
   815 | D        | Reached skill level 21 in Unarmed Combat
   815 | D        | Reached XP level 11. HP: 56/94 MP: 4/4
   818 | D        | Killed an orc warrior
   818 | D        | Received a gift from Trog
   821 | D        | Noticed an orc warrior
   823 | D        | Killed an orc warrior
   824 | D        | Noticed an orc sorcerer
   825 | D        | Killed an orc warrior
   827 | D        | Killed an orc warrior
   828 | D        | Noticed an orc knight
   830 | D        | Killed an orc warrior
   834 | D        | Killed an orc priest
   836 | D        | Killed an orc sorcerer
   840 | D        | Killed an orc knight
   841 | D        | Killed an orc priest
   848 | D        | Killed an orc warrior
   878 | D        | Received a gift from Trog
   931 | D        | Found Taud's Weapon Emporium.
   931 | D        | Noticed an orc knight
   931 | D        | Noticed an orc sorcerer
   931 | D        | Noticed an orc high priest
   931 | D        | Noticed an orc high priest
   931 | D        | Noticed an orc high priest
   933 | D        | Found Uppucocw's Assorted Antiques.
   937 | D        | Killed an orc knight
   945 | D        | Killed an orc sorcerer
   945 | D        | Reached skill level 22 in Unarmed Combat
   956 | D        | Killed an orc high priest
   957 | D        | Found Cibacoh's Book Emporium.
   958 | D        | Killed an orc high priest
   960 | D        | Killed an orc high priest
   960 | D        | Received a gift from Trog
   961 | D        | Found Evirun's Weapon Shoppe.
   995 | D        | Got a warped greatsling {god gift}
  1003 | D        | Received a gift from Trog
  1004 | D        | Noticed an orc knight
  1013 | D        | Noticed an orc high priest
  1019 | D        | Killed an orc knight
  1019 | D        | Reached skill level 23 in Unarmed Combat
  1020 | D        | Killed an orc high priest
  1052 | D        | Bought a scroll labeled GRUPEA MEARI for 27 gold pieces
  1052 | D        | Bought a cyan potion for 24 gold pieces
  1071 | D        | Bought a scroll of blinking for 202 gold pieces
  1071 | D        | Bought a scroll of recharging for 256 gold pieces
  1071 | D        | Bought a scroll of identify for 54 gold pieces
  1071 | D        | Bought a potion of haste for 270 gold pieces
  1071 | D        | Bought a scroll of blinking for 202 gold pieces
  1075 | D        | Identified the +10 greatsling of the Nine Dances {speed, rElec} (Trog gifted it to you in the Dungeon)
  1088 | D        | Bought a book of Minor Magic for 200 gold pieces
  1088 | D        | Bought a book of Hinderance for 200 gold pieces
  1088 | D        | Bought a book of Conjurations for 300 gold pieces
  1117 | D        | Noticed Urug
  1120 | D        | Noticed Sonja
  1125 | D        | Killed Urug
  1135 | D        | HP: 3/94 [Sonja/uncursed short sword of distortion (24)]
  1137 | D        | HP: 1/94 [Sonja/uncursed short sword of distortion (3)]
  1137 | D        | Demolished by Sonja

Action                   |  1- 3 |  4- 6 |  7- 9 | 10-12 || total
-------------------------+-------+-------+-------+-------++-------
Melee: Unarmed           |    33 |     8 |    52 |    95 ||   188
Throw: Large rock        |       |       |       |    42 ||    42
       Javelin           |       |       |       |     4 ||     4
       Tomahawk          |       |       |       |     1 ||     1
Invok: Berserk           |     1 |       |       |     2 ||     3
       Trog's Hand       |       |     1 |     3 |     6 ||    10
       Brothers in Arms  |       |     1 |     3 |     1 ||     5
  Use: Potion            |     1 |       |       |     3 ||     4
       Scroll            |       |       |       |     3 ||     3
  Eat: Chunk             |     1 |     2 |     8 |     8 ||    19
